 Dungeon Crawl Stone Soup version 0.26-a0-661-g406de6ba63 (webtiles) character file.

Game seed: 3008509044444303084

53 tom967 the Conjurer (level 3, -2/28 HPs)
             Began as a Draconian Conjurer on Oct 8, 2020.
             Slain by an adder (3 damage)
             ... on level 2 of the Dungeon.
             The game lasted 00:08:26 (1431 turns).

tom967 the Conjurer (Draconian Conjurer)            Turns: 1431, Time: 00:08:27

Health: -2/28      AC:  5    Str: 10    XL:     3   Next: 62%
Magic:  2/6        EV: 12    Int: 18    God:
Gold:   54         SH:  0    Dex:  9    Spells: 4/7 levels left

rFire    . . .     SeeInvis .   c - +0 short sword
rCold    . . .     Faith    .   (no shield)
rNeg     . . .     Spirit   .   (armour unavailable)
rPois    .         Reflect  .   (helmet restricted)
rElec    .         Harm     .   (no cloak)
rCorr    .         Rampage  .   (no gloves)
MR       .....                  (no boots)
Stlth    ++........             (no amulet)
HPRegen  0.09/turn              (no ring)
MPRegen  0.10/turn              (no ring)

@: no status effects
A: unfitting armour, cold-blooded, AC +5
a: no special abilities


You were on level 2 of the Dungeon.
You visited 1 branch of the dungeon, and saw 2 of its levels.

You collected 54 gold pieces.

Inventory:

Hand Weapons
 c - a +0 short sword (weapon)
Missiles
 b - 17 stones
 e - 4 curare-tipped darts (quivered)
 k - 11 sling bullets
Jewellery
 j - an uncursed ring of poison resistance {unknown}
Scrolls
 a - a scroll of teleportation
 g - 3 scrolls of fear {unknown}
 h - a scroll of identify
Potions
 d - 2 potions of mutation
 f - a potion of ambrosia {unknown}
 i - 2 potions of curing {unknown}


   Skills:
 * Level 1.6 Fighting
 - Level 1.7 Dodging
 - Level 1.7 Stealth
 * Level 2.5 Spellcasting
 * Level 4.7 Conjurations


You had 4 spell levels left.
You knew the following spells:

 Your Spells              Type           Power        Failure   Level
a - Magic Dart            Conj           ###.         2%          1
b - Searing Ray           Conj           ###...       3%          2

Your spell library contained the following spells:

 Spells                   Type           Power        Failure   Level
 Dazzling Flash           Conj/Hex       ##....       21%         3
 Fulminant Prism          Conj/Hex       ##........   54%         4
 Iskenderun's Mystic Bla  Conj/Tloc      ##......     54%         4


Dungeon Overview and Level Annotations

Branches:
Dungeon (2/15)

Altars:


Innate Abilities, Weirdness & Mutations

Your plain brown scales are hard. (AC +5)
You cannot fit into any form of body armour.
You are cold-blooded and may be slowed by cold attacks.


Message History

The adder misses you.
You feel sick. The adder closely misses you.
You feel sick. The adder bites you.
* * * LOW HITPOINT WARNING * * *
The adder misses you.
You feel sick.
You are no longer poisoned.
The adder bites you.
* * * LOW HITPOINT WARNING * * *
Casting: Magic Dart (safe; 2% risk of failure)
Confirm with . or Enter, or press ? or * to list all spells.
Aiming: Magic Dart (safe; 2% risk of failure)
Press: ? - help, Shift-Dir - straight line, f/p - adder
Aim: an adder The magic dart hits the adder.
You kill the adder!
Found an escape hatch in the ceiling.
The adder bites you.
You die...

#........?#
#.........#
#####.....<...#
..............#
...........
#.......#
#.....# #.@.#
#.S.# +...+
#...# #...#
#...# #...#
#...# #...#


You could see an adder.

Vanquished Creatures
  An adder (D:2)
  A worm (D:2)
  2 dart slugs (D:1)
  3 leopard geckos (D:1)
  3 ball pythons (D:1)
  3 bats
  A giant cockroach (D:1)
  3 goblins (D:1)
  3 hobgoblins (D:1)
  2 jackals (D:1)
  A frilled lizard (D:1)
  6 kobolds (D:1)
  4 rats
33 creatures vanquished.

Notes
Turn   | Place    | Note
-------+----------+-------------------------------------------
     0 | D:1      | tom967 the Draconian Conjurer began the quest for the Orb.
     0 | D:1      | Reached XP level 1. HP: 14/14 MP: 3/3
   230 | D:1      | Reached XP level 2. HP: 20/20 MP: 0/5
   468 | D:1      | Learned a level 2 spell: Searing Ray
   677 | D:1      | Reached skill level 1 in Fighting
   733 | D:1      | Reached XP level 3. HP: 24/28 MP: 1/6
  1426 | D:2      | HP: 1/28 [adder (4)]
  1431 | D:2      | Slain by an adder

Illustrated notes

Levels and vault maps discovered:
D:1:      scummos_arrival_star, layout_basic
D:2:      kennysheep_six_static_rooms, layout_basic, minmay_lizard_pond,
          uniq_terence

Skill      XL: |  1  2 |
---------------+-------+-----
Fighting       | 1 |  1.6
Dodging        | |  1.7
Stealth        | |  1.7
Spellcasting   | |  2.5
Conjurations   | |  4.7

Action                   || total
-------------------------++-------
Melee: Short sword       ||    11
       Tailslap          ||     2
 Cast: Magic Dart        ||    55
       Searing Ray       ||     1
  Use: Scroll            ||     3
Armor: Skin              ||     8
Dodge: Dodged            ||    24

Table legend: (Time is in decaauts)
 A = Elapsed time spent in this place.
 B = Non-inter-level travel time spent in this place.
 C = Inter-level travel time spent in this place.
 D = Time resting spent in this place.
 E = Time spent auto-exploring this place.
 F = Levels seen in this place.
 G = Mean time per level.
                   A        B        C        D        E       F      G
               +--------+--------+--------+--------+--------+-----+--------+
         Total |   1431 |   1368 |     63 |     46 |   1133 |   2 |  715.5 |
       Dungeon |   1431 |   1368 |     63 |     46 |   1133 |   2 |  715.5 |
               +--------+--------+--------+--------+--------+-----+--------+

Top non-repeatable levels by time:
     D:1: 1281 daAuts
     D:2: 150 daAuts
